 Dungeon Crawl Stone Soup version 0.30-b1-2-g02819fbbbe (webtiles) character file.

Game seed: 11492114760864633459

46 Alarkh the Trooper (level 3, 24/29 HPs)
             Began as a Demonspawn Artificer on Dec 4, 2023.
             Got out of the dungeon alive.
             The game lasted 00:01:02 (886 turns).

Alarkh the Trooper (Demonspawn Artificer)            Turns: 886, Time: 00:01:02

Health: 24/29      AC:  3    Str: 12    XL:     3   Next: 44%
Magic:  3/3        EV: 11    Int: 14    God:
Gold:   96         SH:  0    Dex: 13    Spells: 2/2 levels left

rFire   . . .        l - +0 quarterstaff
rCold   . . .        (shield currently unavailable)
rNeg    . . .        b - +0 leather armour
rPois   .            (no helmet)
rElec   .            (no cloak)
rCorr   .            (no gloves)
SInv    .            (no boots)
Will    .....        (no amulet)
Stlth   +            (no ring)
HPRegen 0.24/turn    (no ring)
MPRegen 0.08/turn

%: no passive effects
@: no status effects
A: demonic touch 1
a: no special abilities


You escaped.
You visited 1 branch of the dungeon, and saw 2 of its levels.

You collected 96 gold pieces.

Inventory:

Hand Weapons
 a - a +0 dagger
 k - a +0 club
 l - a +0 quarterstaff (weapon)
Armour
 b - a +0 leather armour (worn)
Wands
 c - a wand of flame (4) (quivered)
 d - a wand of charming (15)
 e - a wand of iceblast (5)
Scrolls
 f - a scroll of teleportation {unknown}
 h - a scroll of enchant weapon {unknown}
 m - a scroll of immolation {unknown}
Potions
 g - a potion of flight {unknown}
 i - a potion of heal wounds
 j - a potion of lignification {unknown}


   Skills:
 + Level 3.1 Fighting
 * Level 1.0 Staves
 - Level 1.7 Armour
 - Level 0.8 Dodging
 - Level 0.8 Stealth
 - Level 3.0 Evocations


You had 2 spell levels left.
You didn't know any spells.
Your spell library was empty.

Dungeon Overview and Level Annotations

Branches:
Dungeon (2/15)

Altars:


Innate Abilities, Weirdness & Mutations

Your touch may inflict minor irresistible damage on your foes.


Message History

You barely miss the adder.
The adder is moderately wounded.
You feel sick. The adder bites you but does no damage.
You miss the adder.
The adder is moderately wounded.
You feel sick. The adder closely misses you. The adder barely misses you.
You barely miss the adder.
The adder is moderately wounded.
You feel sick.
You are no longer poisoned.
The adder closely misses you. The adder bites you.
You are poisoned.
The adder poisons you!
Aiming: Throw Flame
Press: ? - help, Shift-Dir - straight line, f - adder
Aim: an adder (moderately wounded, 53% to hit)
The puff of flame hits the adder.
The adder is severely wounded.
You feel sick. The adder bites you but does no damage.
Aiming: Throw Flame
Press: ? - help, Shift-Dir - straight line, f/p - adder
Aim: an adder (severely wounded, 53% to hit)
The puff of flame hits the adder.
You kill the adder!
You feel sick.
Your Staves skill increases to level 1!
Found 6 gold pieces.
You feel sick.
You feel sick.
You are no longer poisoned.
You see here a worm corpse.
You see here an adder corpse.
There is a stone staircase leading down here.
There is a stone staircase leading up here.
You climb upwards.
There is a stone staircase leading down here.
HP restored.
There is an open door here.
There is a staircase leading out of the dungeon here.
Are you sure you want to leave the Dungeon?
This will make you lose the game!
You have escaped!

>##.#....#.# #..#..#.......
.)..######.#########..##.#.######
......................##.#.#
##########.###....##.###.#.#
......# #.#.............#.#
#####.# #.#.+++++'.######.# #
#.####.#.+....+.# #.#
#####........+....+.# #.#
.............+..@.'.# #.#
.............+....+.# #.#
.............''++++.######.#
############.#..........##.#
######## #.#...#.#######.#
.......# #.#.#...........#
.......# #.#.#.#.#########
.....^.#####.#.............#
.............###..########.#


There were no monsters in sight!

Vanquished Creatures
  3 adders (D:2)
  A worm (D:2)
  A dart slug (D:1)
  3 goblins
  2 hobgoblins
  2 kobolds (D:1)
  2 ball pythons (D:2)
  A rat (D:2)
15 creatures vanquished.

Notes
Turn   | Place    | Note
-------+----------+-------------------------------------------
     0 | D:1      | Alarkh the Demonspawn Artificer began the quest for the
                  | Orb.
     0 | D:1      | Reached XP level 1. HP: 15/15 MP: 1/1
   563 | D:1      | Gained mutation: Your touch may inflict minor irresistible
                  | damage on your foes. [demonic ancestry]
   563 | D:1      | Reached XP level 2. HP: 22/22 MP: 2/2
   798 | D:2      | HP: 1/23 [poisoned by an adder]
   799 | D:2      | Reached XP level 3. HP: 2/29 MP: 3/3
   844 | D:2      | Reached skill level 1 in Staves
   886 | D:$      | Got out of the dungeon alive.

Illustrated notes

Levels and vault maps discovered:
D:1:      lightli_arrival_maybe_door_vault, layout_basic, supply_closet_lemuel
D:2:      layout_basic, basic_altar, minmay_tetromino_l2

Skill      XL: |  1  2  3 |
---------------+----------+-----
Fighting       | 2 3 |  3.1
Staves         | 1 |  1.0
Armour         | |  1.7
Dodging        | |  0.8
Stealth        | |  0.8
Evocations     | |  3.0

Action                     || total
---------------------------++-------
  Melee: Club              ||    14
         Quarterstaff      ||    30
         Dagger            ||     3
  Evoke: Wand              ||    11
    Use: Potion            ||     1
 Armour: Leather armour    ||    17
  Dodge: Dodged            ||    48
